[Event "European Online Club-ch-G 2021"]
[Site "Online"]
[Date "2021.03.27"]
[Round "3.3"]
[White "Piorun, Kacper"]
[Black "Yildirim, Ibrahim Halil"]
[Result "1-0"]
[ECO "D00"]
[WhiteElo "2615"]
[BlackElo "1783"]
[Annotator "ChessBase"]
[PlyCount "113"]
[EventDate "2021.03.27"]
[EventType "team-tourn"]
[EventCountry "NET"]
[SourceTitle "playchess.com"]
[Source "ChessBase"]
[SourceQuality "1"]
[TimeControl "900+5"]

1. d4 d5 2. Bf4 Nf6 3. e3 c5 4. c3 e6 5. Bd3 Bd6 6. Bg3 O-O 7. Nf3 b6 8. Qe2 Bb7 9. Nbd2 Ne4 10. Rd1 Qc7 11. Bxe4 dxe4 12. Ng5 h6 13. Ngxe4 Bxg3 14. Nxg3 Bxg2 15. Rg1 Bb7 16. Nh5 g6 17. Qg4 Nd7 18. Nf4 Nf6 19. Qh4 Nd5 20. Nxd5 exd5 21. Qxh6 cxd4 22. cxd4 Qc6 23. h4 Ba6 24. f3 Qb5 25. Rg2 Rfe8 26. Rf2 Rxe3+ 27. Qxe3 Re8 28. Ne4 dxe4 29. fxe4 Qa5+ 30. Rdd2 Rc8 31. Kd1 Qxa2 32. Rc2 Qb1+ 33. Qc1 Qxc1+ 34. Kxc1 Rd8 35. Rfd2 Re8 36. e5 Re7 37. Rc3 Bb7 38. d5 Rxe5 39. d6 Re8 40. d7 Rd8 41. Rc7 Ba6 42. Rxa7 Bb5 43. Rd5 Bc6 44. Rd6 Bb5 45. Kd2 Kf8 46. Rxb6 Bxd7 47. Rd6 Ke7 48. Rd4 Ke8 49. b4 Be6 50. Rxd8+ Kxd8 51. Ke3 Kc8 52. Kd4 Kb8 53. Re7 Bb3 54. Ke5 Kc8 55. Kf6 Kd8 56. Rxf7 Bxf7 57. Kxf7 1-0

[Event "European Online Club-ch-G 2021"]
[Site "Online"]
[Date "2021.03.27"]
[Round "3.4"]
[White "Ozata, Doruk"]
[Black "Shchekachev, Andrei"]
[Result "0-1"]
[ECO "B08"]
[WhiteElo "1646"]
[BlackElo "2515"]
[Annotator "ChessBase"]
[PlyCount "46"]
[EventDate "2021.03.27"]
[EventType "team-tourn"]
[EventCountry "NET"]
[SourceTitle "playchess.com"]
[Source "ChessBase"]
[SourceQuality "1"]
[TimeControl "900+5"]

1. e4 Nc6 2. d4 d6 3. Nc3 g6 4. Nf3 Nf6 5. h3 Bg7 6. Be2 O-O 7. O-O a6 8. Be3 e5 9. Qd2 Re8 10. dxe5 dxe5 11. Rad1 Qxd2 12. Rxd2 h6 13. Rfd1 Be6 14. a4 Rac8 15. Kh2 Bf8 16. g3 Kh7 17. Ne1 Nd4 18. Kg2 Nxe2 19. Nxe2 Nxe4 20. Rd3 Bc4 21. R3d2 Nxd2 22. Rxd2 Rcd8 23. Rxd8 Rxd8 0-1

[Event "European Online Club-ch-G 2021"]
[Site "Online"]
[Date "2021.03.27"]
[Round "3.5"]
[White "Bartel, Mateusz"]
[Black "Grachev, Boris"]
[Result "1/2-1/2"]
[ECO "C02"]
[WhiteElo "2635"]
[BlackElo "2619"]
[Annotator "ChessBase"]
[PlyCount "71"]
[EventDate "2021.03.27"]
[EventType "team-tourn"]
[EventCountry "NET"]
[SourceTitle "playchess.com"]
[Source "ChessBase"]
[SourceQuality "1"]
[TimeControl "900+5"]

1. e4 e6 2. d4 d5 3. e5 c5 4. c3 Nc6 5. Nf3 Bd7 6. Bd3 cxd4 7. cxd4 Qb6 8. Nbd2 Nb4 9. Be2 Rc8 10. O-O Nh6 11. Nb3 Be7 12. Bxh6 gxh6 13. Ne1 Rg8 14. a3 Nc2 15. Nxc2 Qxb3 16. Ne3 Qxd1 17. Rfxd1 Bg5 18. Rac1 Ke7 19. Bd3 f5 20. Rxc8 Rxc8 21. h4 Bxe3 22. fxe3 Be8 23. Kf2 Bh5 24. Rd2 Be8 25. Rc2 Rxc2+ 26. Bxc2 h5 27. Ke1 h6 28. Kd2 Kd8 29. Kc3 Kc7 30. Kb4 b6 31. Bd1 a5+ 32. Kc3 Kb7 33. Be2 Kc7 34. b4 Kb7 35. Kb3 Kc7 36. Kc3 1/2-1/2

[Event "European Online Club-ch-G 2021"]
[Site "Online"]
[Date "2021.03.27"]
[Round "3.6"]
[White "Motylev, Alexander"]
[Black "Gumularz, Szymon"]
[Result "1-0"]
[ECO "C77"]
[WhiteElo "2641"]
[BlackElo "2517"]
[Annotator "ChessBase"]
[PlyCount "61"]
[EventDate "2021.03.27"]
[EventType "team-tourn"]
[EventCountry "NET"]
[SourceTitle "playchess.com"]
[Source "ChessBase"]
[SourceQuality "1"]
[TimeControl "900+5"]

1. e4 e5 2. Nf3 Nc6 3. Bb5 a6 4. Ba4 Nf6 5. Nc3 Bc5 6. Bxc6 dxc6 7. d3 Bd6 8. Bg5 h6 9. Bd2 Qe7 10. Qe2 Be6 11. O-O-O O-O-O 12. Kb1 Nd7 13. Be3 c5 14. Nd2 b6 15. d4 cxd4 16. Qxa6+ Kb8 17. Nb5 Nc5 18. Qa7+ Kc8 19. b4 Kd7 20. bxc5 bxc5 21. Qa4 c6 22. Qa7+ Ke8 23. Nxd6+ Qxd6 24. Nb3 c4 25. Nxd4 exd4 26. Qxd4 Rb8+ 27. Ka1 Qa3 28. Qxg7 Ke7 29. Qe5 Rb5 30. Qxh8 c3 31. Qd8# 1-0

[Event "European Online Club-ch-G 2021"]
[Site "Online"]
[Date "2021.03.27"]
[Round "3.7"]
[White "Mastrovasilis, Dimitrios"]
[Black "Kobalia, Mikhail"]
[Result "1-0"]
[ECO "B18"]
[WhiteElo "2609"]
[BlackElo "2587"]
[Annotator "ChessBase"]
[PlyCount "147"]
[EventDate "2021.03.27"]
[EventType "team-tourn"]
[EventCountry "NET"]
[SourceTitle "playchess.com"]
[Source "ChessBase"]
[SourceQuality "1"]
[TimeControl "900+5"]

1. e4 c6 2. d4 d5 3. Nd2 dxe4 4. Nxe4 Bf5 5. Qf3 e6 6. Ne2 Be7 7. N2g3 Bg6 8. c3 Nd7 9. h4 h5 10. Bd3 Nh6 11. Nxh5 Nf5 12. Nf4 Rxh4 13. g3 Rxh1+ 14. Qxh1 Nf8 15. Qh8 Qb6 16. Nxg6 fxg6 17. g4 O-O-O 18. gxf5 exf5 19. Nd2 Ne6 20. Qh3 c5 21. Nc4 Qc7 22. Be3 cxd4 23. cxd4 Nxd4 24. Rc1 Kb8 25. Qg3 Qxg3 26. fxg3 Bf6 27. Bf4+ Ka8 28. Kf2 Ne6 29. Be2 Nxf4 30. gxf4 g5 31. fxg5 Bxg5 32. Rd1 Rxd1 33. Bxd1 Kb8 34. b3 Bf6 35. Bh5 Kc7 36. Bg6 b5 37. Ne3 Kc6 38. Bxf5 Kc5 39. Bd7 a6 40. Nc2 Bc3 41. Ke3 Bf6 42. Kd3 Bb2 43. Bc8 a5 44. Bd7 g5 45. Ne3 Kb4 46. a4 bxa4 47. bxa4 Bc1 48. Ke4 Kc5 49. Nf5 Bd2 50. Be8 Bc1 51. Ng3 Kd6 52. Kf5 Kd5 53. Bh5 Kc5 54. Ne4+ Kc4 55. Be8 Kd5 56. Nxg5 Kd6 57. Bb5 Kd5 58. Nf3 Be3 59. Ne5 Bd2 60. Nc4 Bb4 61. Kf6 Kc5 62. Ke6 Bc3 63. Kd7 Kb4 64. Kc6 Bf6 65. Kb6 Bd8+ 66. Ka6 Bc7 67. Ne3 Bd8 68. Nd5+ Kc5 69. Nf4 Kb4 70. Ne6 Bf6 71. Nf8 Bd8 72. Nd7 Bc7 73. Kb7 Bd6 74. Nb8 1-0

[Event "European Online Club-ch-G 2021"]
[Site "Online"]
[Date "2021.03.27"]
[Round "3.8"]
[White "Murzin, Volodar"]
[Black "Tazbir, Marcin"]
[Result "1/2-1/2"]
[ECO "C00"]
[WhiteElo "2478"]
[BlackElo "2513"]
[Annotator "ChessBase"]
[PlyCount "79"]
[EventDate "2021.03.27"]
[EventType "team-tourn"]
[EventCountry "NET"]
[SourceTitle "playchess.com"]
[Source "ChessBase"]
[SourceQuality "1"]
[TimeControl "900+5"]

1. e4 c5 2. Nf3 e6 3. g3 Nc6 4. Bg2 g6 5. O-O Bg7 6. Qe2 Nge7 7. d3 O-O 8. Nbd2 d6 9. a4 b6 10. c3 Bb7 11. Re1 Qd7 12. h4 Rae8 13. h5 e5 14. Nc4 d5 15. exd5 Nxd5 16. hxg6 hxg6 17. Ng5 Ba8 18. Qf1 Nc7 19. Bd2 Rd8 20. Re3 Nd5 21. Bxd5 Qxd5 22. Qh3 Rfe8 23. Qh7+ Kf8 24. Rf3 Rd7 25. Ne4 f5 26. Bh6 Bxh6 27. Qxh6+ Rg7 28. Ncd6 Ree7 29. g4 Qe6 30. Kf1 f4 31. Rh3 Nd8 32. Qg5 Nf7 33. Nxf7 Kxf7 34. Rh8 Bxe4 35. dxe4 Rd7 36. Kg1 Rg8 37. Rh7+ Rg7 38. Rh8 Rg8 39. Rh7+ Rg7 40. Rh8 1/2-1/2

[Event "European Online Club-ch-G 2021"]
[Site "Online"]
[Date "2021.03.27"]
[Round "3.9"]
[White "Gazik, Viktor"]
[Black "Flear, Glenn C"]
[Result "0-1"]
[ECO "C78"]
[WhiteElo "2542"]
[BlackElo "2431"]
[Annotator "ChessBase"]
[PlyCount "96"]
[EventDate "2021.03.27"]
[EventType "team-tourn"]
[EventCountry "NET"]
[SourceTitle "playchess.com"]
[Source "ChessBase"]
[SourceQuality "1"]
[TimeControl "900+5"]

1. e4 e5 2. Nf3 Nc6 3. Bb5 a6 4. Ba4 Nf6 5. O-O Bc5 6. d3 d6 7. c3 Bd7 8. Be3 Bxe3 9. fxe3 O-O 10. Nbd2 Ne7 11. Bc2 Ng6 12. h3 d5 13. exd5 Nxd5 14. Qe2 Qe7 15. Rae1 Rae8 16. Ne4 Kh8 17. Nfg5 Nf6 18. Bb3 Bc6 19. Ng3 h6 20. Nf3 e4 21. Nd4 exd3 22. Qxd3 Ne5 23. Qe2 Bd5 24. Ngf5 Qd8 25. Bxd5 Nxd5 26. e4 Ne7 27. Ng3 N7g6 28. Ngf5 Qg5 29. Kh1 Nf4 30. Qc2 g6 31. Ne3 Ned3 32. Rd1 Rxe4 33. Nf3 Qe7 34. Nd5 Nxd5 35. Qxd3 Ne3 36. Rde1 Nxf1 37. Rxf1 Rd8 38. Qc2 Re2 39. Qb3 c5 40. Qb6 Rd7 41. a4 Kg7 42. a5 Qd6 43. Qb3 Qg3 44. Rg1 Rf2 45. Ne1 Rxg2 46. Rxg2 Qxe1+ 47. Kh2 Qe5+ 48. Kh1 Rd3 0-1

[Event "European Online Club-ch-G 2021"]
[Site "Online"]
[Date "2021.03.27"]
[Round "3.10"]
[White "Boyer, Mahel"]
[Black "Sahidi, Samir"]
[Result "0-1"]
[ECO "B20"]
[WhiteElo "2333"]
[BlackElo "2407"]
[Annotator "NA"]
[PlyCount "98"]
[EventDate "2021.03.27"]
[EventType "team-tourn"]
[EventCountry "NET"]
[SourceTitle "playchess.com"]
[Source "ChessBase"]
[SourceQuality "1"]
[TimeControl "900+5"]

1. e4 c5 2. d3 Nc6 3. g3 g6 4. Bg2 Bg7 5. f4 e6 6. Nf3 d5 7. O-O Nge7 8. c3 b6 9. e5 h5 10. Re1 Nf5 11. Na3 O-O 12. Nc2 Rb8 13. Ne3 Nce7 14. Nf1 d4 15. c4 b5 16. b3 bxc4 17. dxc4 Bb7 18. Qd3 a5 19. Ng5 Qb6 20. Bxb7 Rxb7 21. Bd2 Ra8 22. Rab1 Nc6 23. a4 Rab8 24. Ne4 Nb4 25. Bxb4 Qxb4 26. h3 Qa3 27. Ned2 Bh6 28. g4 Ne7 29. Qf3 h4 30. Qe4 Qb4 31. Rec1 Qb6 32. Nf3 Qc6 33. Qxc6 Nxc6 34. g5 Rxb3 35. Rxb3 Rxb3 36. N1d2 Rc3 37. Rxc3 dxc3 38. gxh6 cxd2 39. Nxd2 Kh7 40. Ne4 Kxh6 41. Kf2 g5 42. Ke3 Kg6 43. Nxg5 Nxe5 44. fxe5 Kxg5 45. Ke4 Kg6 46. Kf4 f6 47. exf6 Kxf6 48. Kg4 Ke5 49. Kxh4 Kf4 0-1

[Event "European Online Club-ch-G 2021"]
[Site "Online"]
[Date "2021.03.27"]
[Round "3.11"]
[White "Kostolansky, Sebastian Lukas"]
[Black "Favarel, Camille"]
[Result "1-0"]
[ECO "B12"]
[WhiteElo "2393"]
[BlackElo "2188"]
[Annotator "NA"]
[PlyCount "101"]
[EventDate "2021.03.27"]
[EventType "team-tourn"]
[EventCountry "NET"]
[SourceTitle "playchess.com"]
[Source "ChessBase"]
[SourceQuality "1"]
[TimeControl "900+5"]

1. e4 c6 2. d4 d5 3. e5 Bf5 4. h4 h5 5. c4 e6 6. Nc3 Nd7 7. Nge2 Be7 8. cxd5 cxd5 9. Ng3 Bg4 10. Be2 Nh6 11. Bxh6 Bxe2 12. Qxe2 Rxh6 13. Nxh5 g6 14. Nf4 Rxh4 15. Rxh4 Bxh4 16. Nb5 Qa5+ 17. Kf1 Kf8 18. Rc1 a6 19. Nc7 Rb8 20. Ncxe6+ fxe6 21. Nxg6+ Ke8 22. Nxh4 Qb5 23. Ng6 Kd8 24. Nf4 Ke7 25. Qxb5 axb5 26. b3 b4 27. Ke2 Ra8 28. Rc2 Ra6 29. Nd3 Rb6 30. g4 Nb8 31. Ke3 Nc6 32. Nc5 Rb5 33. f4 Rb6 34. Nxb7 Rxb7 35. Rxc6 Ra7 36. Rc2 Kf7 37. f5 Re7 38. Kf4 Ra7 39. Rh2 Kg7 40. fxe6 Kg6 41. Rc2 Re7 42. Rc6 Kh6 43. Rd6 Kg6 44. Rxd5 Ra7 45. Rb5 Rxa2 46. Rxb4 Rf2+ 47. Kg3 Rd2 48. Rc4 Rd3+ 49. Kf4 Rxb3 50. d5 Rb7 51. d6 1-0

[Event "European Online Club-ch-G 2021"]
[Site "Online"]
[Date "2021.03.27"]
[Round "3.12"]
[White "Collier, Timothy"]
[Black "Haring, Filip"]
[Result "0-1"]
[ECO "D02"]
[WhiteElo "2074"]
[BlackElo "2376"]
[Annotator "NA"]
[PlyCount "112"]
[EventDate "2021.03.27"]
[EventType "team-tourn"]
[EventCountry "NET"]
[SourceTitle "playchess.com"]
[Source "ChessBase"]
[SourceQuality "1"]
[TimeControl "900+5"]

1. d4 Nf6 2. Bf4 e6 3. e3 d5 4. Nf3 Bd6 5. Nbd2 c5 6. c3 Qc7 7. Bg3 Nbd7 8. Bd3 O-O 9. O-O b6 10. e4 Bxg3 11. hxg3 dxe4 12. Nxe4 Bb7 13. Nxf6+ Nxf6 14. dxc5 Qxc5 15. Qe2 Rfd8 16. Rad1 Rd5 17. Rd2 Rad8 18. Rfd1 g6 19. Bb1 Kg7 20. Rxd5 Rxd5 21. Rxd5 Qxd5 22. Ne1 h5 23. Nf3 Ng4 24. Qd2 Kf8 25. Qd4 Ke7 26. Qxd5 Bxd5 27. b3 Bxf3 28. gxf3 Nf6 29. c4 Kd6 30. b4 Ke5 31. Bc2 Kd4 32. Bb3 Ne8 33. Kg2 Nd6 34. c5 bxc5 35. bxc5 Kxc5 36. g4 hxg4 37. fxg4 g5 38. Kf3 Kd4 39. Ke2 e5 40. f3 f6 41. Be6 e4 42. fxe4 Kxe4 43. Kf2 Kf4 44. Ke2 Ne4 45. a3 Kg3 46. Ke3 Nf2 47. Kd4 Nxg4 48. Kc5 Ne3 49. Kb5 Nc2 50. Ka4 g4 51. Bd5 Kf2 52. Kb3 Ne3 53. Be6 g3 54. Bh3 f5 55. Kb4 Nc2+ 56. Kb3 Nxa3 0-1

[Event "European Online Club-ch-G 2021"]
[Site "Online"]
[Date "2021.03.27"]
[Round "3.13"]
[White "Harvey, Marcus R"]
[Black "Mica, Marek"]
[Result "1/2-1/2"]
[ECO "A30"]
[WhiteElo "2440"]
[BlackElo "2274"]
[Annotator "NA"]
[PlyCount "66"]
[EventDate "2021.03.27"]
[EventType "team-tourn"]
[EventCountry "NET"]
[SourceTitle "playchess.com"]
[Source "ChessBase"]
[SourceQuality "1"]
[TimeControl "900+5"]

1. Nf3 Nf6 2. b3 d5 3. Bb2 c5 4. e3 g6 5. c4 Bg7 6. cxd5 O-O 7. Be2 Nxd5 8. Bxg7 Kxg7 9. O-O Nc6 10. Qc1 Qd6 11. Nc3 Nxc3 12. Qxc3+ e5 13. Rfc1 b6 14. Bb5 f6 15. Bxc6 Qxc6 16. d4 Bg4 17. Ne1 exd4 18. exd4 Rae8 19. dxc5 bxc5 20. Nd3 Qd5 21. Nxc5 Be2 22. Qb4 Rf7 23. Re1 Re5 24. Rac1 Rfe7 25. Na4 a5 26. Qc5 Qe4 27. Qe3 Qb7 28. Qb6 Qxg2+ 29. Kxg2 Rg5+ 30. Kh3 Rh5+ 31. Kg2 Rg5+ 32. Kh3 Rh5+ 33. Kg2 Rg5+ 1/2-1/2

[Event "European Online Club-ch-G 2021"]
[Site "Online"]
[Date "2021.03.27"]
[Round "3.14"]
[White "Stalmach, Richard"]
[Black "Houska, Jovanka"]
[Result "1-0"]
[ECO "D31"]
[WhiteElo "2296"]
[BlackElo "2381"]
[Annotator "NA"]
[PlyCount "89"]
[EventDate "2021.03.27"]
[EventType "team-tourn"]
[EventCountry "NET"]
[SourceTitle "playchess.com"]
[Source "ChessBase"]
[SourceQuality "1"]
[TimeControl "900+5"]

1. d4 d5 2. c4 e6 3. Nc3 Be7 4. cxd5 exd5 5. Bf4 c6 6. e3 Bd6 7. Bg3 Bxg3 8. hxg3 Bf5 9. Bd3 Bxd3 10. Qxd3 Nf6 11. Nf3 Nbd7 12. O-O-O Qe7 13. Nd2 O-O-O 14. Kb1 Kb8 15. Rc1 Nb6 16. Qc2 h6 17. Rhe1 Rhe8 18. Ka1 Ng4 19. Re2 g6 20. a3 Rd6 21. Rce1 Re6 22. Na4 Nxa4 23. Qxa4 Nf6 24. Nf3 Ne4 25. Ne5 g5 26. Rc2 f6 27. Nd3 Qh7 28. Qb3 Ka8 29. Rec1 h5 30. Qxd5 Nxf2 31. Rxc6 Rxc6 32. Rxc6 Nxd3 33. Rxf6 Qc7 34. Ka2 Qc2 35. Qb5 Rc8 36. Rf7 Nc1+ 37. Ka1 Qxg2 38. d5 Rb8 39. d6 Qc2 40. Rc7 Nb3+ 41. Ka2 Nc1+ 42. Ka1 Qd1 43. Qc4 Nb3+ 44. Ka2 Nd2 45. Qd3 1-0

[Event "European Online Club-ch-G 2021"]
[Site "Online"]
[Date "2021.03.27"]
[Round "3.15"]
[White "Sukandar, Irine Kharisma"]
[Black "Frank, Adam"]
[Result "1-0"]
[ECO "C77"]
[WhiteElo "2413"]
[BlackElo "2238"]
[Annotator "NA"]
[PlyCount "125"]
[EventDate "2021.03.27"]
[EventType "team-tourn"]
[EventCountry "NET"]
[SourceTitle "playchess.com"]
[Source "ChessBase"]
[SourceQuality "1"]
[TimeControl "900+5"]

1. e4 e5 2. Nf3 Nc6 3. Bb5 a6 4. Ba4 Nf6 5. d4 b5 6. dxe5 bxa4 7. exf6 Qxf6 8. O-O Bd6 9. Nc3 O-O 10. Nxa4 Re8 11. Nc3 Bb7 12. Re1 Ne5 13. Nxe5 Bxe5 14. Bd2 Rab8 15. Qg4 Bc6 16. Rab1 Bd4 17. Qg3 d6 18. b3 h5 19. Nd5 Bxd5 20. exd5 h4 21. Qf4 Qxf4 22. Bxf4 Bc3 23. Re3 Rxe3 24. Bxe3 f6 25. h3 Kf7 26. Kf1 g5 27. Ke2 Kg6 28. Kd3 Be5 29. c4 f5 30. b4 f4 31. Bd4 Kf5 32. a4 Bxd4 33. Kxd4 Re8 34. Kd3 f3 35. gxf3 Kf4 36. Rg1 Kxf3 37. Rxg5 Kxf2 38. Kd4 Re3 39. Rg2+ Kf3 40. Rg4 Ra3 41. b5 Rxa4 42. bxa6 Rxa6 43. Rxh4 c6 44. dxc6 Rxc6 45. Rg4 Rc5 46. Rg6 Rc6 47. h4 Kf4 48. h5 Kf5 49. Rg1 Rc7 50. h6 Rh7 51. Rh1 Ke6 52. Rh2 Ke7 53. Kd5 Kd7 54. Rh1 Ke7 55. Kc6 Ke6 56. Re1+ Kf7 57. Kxd6 Rxh6+ 58. Kd7 Rh5 59. Rf1+ Kg7 60. Kd6 Rh6+ 61. Kd5 Rh5+ 62. Kc6 Rh6+ 63. Kb5 1-0

[Event "European Online Club-ch-G 2021"]
[Site "Online"]
[Date "2021.03.27"]
[Round "3.16"]
[White "Paseka, Matyas"]
[Black "Derakhshani, Borna"]
[Result "0-1"]
[ECO "B14"]
[WhiteElo "2069"]
[BlackElo "2373"]
[Annotator "NA"]
[PlyCount "66"]
[EventDate "2021.03.27"]
[EventType "team-tourn"]
[EventCountry "NET"]
[SourceTitle "playchess.com"]
[Source "ChessBase"]
[SourceQuality "1"]
[TimeControl "900+5"]

1. e4 c6 2. d4 d5 3. exd5 cxd5 4. c4 Nf6 5. Nc3 Nc6 6. Bg5 e6 7. Nf3 Bb4 8. a3 Be7 9. Bd3 dxc4 10. Bxc4 Nd5 11. Bxe7 Ndxe7 12. O-O O-O 13. Rc1 Qa5 14. Ba2 Rd8 15. Qd3 b6 16. Bb1 Qh5 17. Ne2 Bb7 18. Ng3 Qh6 19. Rfd1 Rac8 20. Ba2 Qf4 21. Bb1 Ng6 22. h4 h6 23. h5 Nf8 24. Ne2 Qf6 25. Qe3 Ne7 26. Ne5 Nf5 27. Qf4 Rxc1 28. Nxc1 Nxd4 29. Rxd4 Rxd4 30. Qxd4 Qg5 31. f3 Qxc1+ 32. Kh2 Qxb1 33. Qf4 Qf5 0-1

[Event "European Online Club-ch-G 2021"]
[Site "Online"]
[Date "2021.03.27"]
[Round "3.17"]
[White "Borhy, Marcell"]
[Black "Sevdimaliyev, Urfan"]
[Result "1/2-1/2"]
[ECO "D73"]
[WhiteElo "2392"]
[BlackElo "2369"]
[Annotator "NA"]
[PlyCount "171"]
[EventDate "2021.03.27"]
[EventType "team-tourn"]
[EventCountry "NET"]
[SourceTitle "playchess.com"]
[Source "ChessBase"]
[SourceQuality "1"]
[TimeControl "900+5"]

1. c4 Nf6 2. d4 g6 3. g3 c6 4. Bg2 d5 5. Qa4 dxc4 6. Qxc4 Bg7 7. Nf3 O-O 8. Nc3 Nfd7 9. O-O Nb6 10. Qd3 N8d7 11. Bf4 Nd5 12. Nxd5 cxd5 13. Rfc1 Nb6 14. Bc7 Qe8 15. Bxb6 axb6 16. Qb3 Qd8 17. e3 e6 18. Rc3 Bd7 19. Rac1 Ba4 20. Qa3 Bd1 21. Qb4 Bxf3 22. Bxf3 Rxa2 23. Rc7 e5 24. Qb3 Ra1 25. Rxa1 Qxc7 26. dxe5 Qxe5 27. Bxd5 Qxb2 28. Qxb2 Bxb2 29. Rb1 Be5 30. Rxb6 Rb8 31. f4 Bg7 32. Kg2 Kf8 33. Kf3 f5 34. h3 Rd8 35. Bxb7 Rb8 36. Rb5 Ke7 37. g4 fxg4+ 38. hxg4 Kd6 39. e4 Kc7 40. Bc6 Rxb5 41. Bxb5 g5 42. fxg5 Be5 43. Bc4 Kd6 44. Bg8 Ke7 45. Bxh7 Kf7 46. Bf5 Ke7 47. Kg2 Bf4 48. Kf3 Bxg5 49. e5 Bc1 50. Ke4 Bh6 51. Bc8 Bg7 52. Kf5 Bh8 53. g5 Bg7 54. Ba6 Bh8 55. Bc4 Bg7 56. e6 Bc3 57. Kg6 Bd2 58. Kh5 Bc3 59. Kh6 Bd2 60. Bb3 Be3 61. Kh5 Bd4 62. Kg6 Be3 63. Kh6 Bd2 64. Kh5 Bc3 65. g6 Bg7 66. Kg5 Bf8 67. Kf5 Bg7 68. Ba4 Bf8 69. Bd7 Bg7 70. Kg5 Bf8 71. Kg4 Bg7 72. Kf5 Bf8 73. Be8 Bg7 74. Bf7 Bf8 75. Kg5 Bg7 76. Kh5 Bf8 77. Bg8 Bg7 78. Kg5 Bf8 79. g7 Bxg7 80. Kg6 Bb2 81. Bf7 Ba1 82. Kf5 Bb2 83. Ke4 Ba1 84. Kf5 Bb2 85. Ke4 Ba1 86. Kf5 1/2-1/2

[Event "European Online Club-ch-G 2021"]
[Site "Online"]
[Date "2021.03.27"]
[Round "3.18"]
[White "Babayev, Talib"]
[Black "Krstulovic, Alex"]
[Result "0-1"]
[ECO "B12"]
[WhiteElo "2282"]
[BlackElo "2387"]
[Annotator "NA"]
[PlyCount "90"]
[EventDate "2021.03.27"]
[EventType "team-tourn"]
[EventCountry "NET"]
[SourceTitle "playchess.com"]
[Source "ChessBase"]
[SourceQuality "1"]
[TimeControl "900+5"]

1. e4 c6 2. d4 d5 3. e5 c5 4. dxc5 e6 5. Be3 Ne7 6. c3 Nf5 7. Bd4 Qc7 8. b4 Nc6 9. Nf3 Nfxd4 10. cxd4 Nxb4 11. Qa4+ Nc6 12. Nc3 Bd7 13. Nb5 Qd8 14. Qa3 f6 15. exf6 gxf6 16. Bd3 a6 17. Nd6+ Bxd6 18. cxd6 Qa5+ 19. Qxa5 Nxa5 20. O-O Rc8 21. Rfe1 Rc6 22. Rac1 Rxd6 23. Rc5 Nc6 24. Rb1 Bc8 25. a4 Kd7 26. h3 h6 27. g4 Rg8 28. Kf1 Rg7 29. Ke2 Kd8 30. Rbc1 Rc7 31. Ke3 Bd7 32. Ne5 fxe5 33. dxe5 d4+ 34. Ke4 Rd5 35. f4 Rxc5 36. Rxc5 Nb4 37. Rxc7 Kxc7 38. Kxd4 Nxd3 39. Kxd3 Bxa4 40. f5 exf5 41. gxf5 Bd7 42. Ke4 Bxf5+ 43. Kxf5 Kd8 44. Kg6 Ke8 45. Kxh6 a5 0-1

[Event "European Online Club-ch-G 2021"]
[Site "Online"]
[Date "2021.03.27"]
[Round "3.19"]
[White "Karacsonyi, Gellert"]
[Black "Gasimov, Parviz"]
[Result "1-0"]
[ECO "C07"]
[WhiteElo "2321"]
[BlackElo "2337"]
[Annotator "NA"]
[PlyCount "95"]
[EventDate "2021.03.27"]
[EventType "team-tourn"]
[EventCountry "NET"]
[SourceTitle "playchess.com"]
[Source "ChessBase"]
[SourceQuality "1"]
[TimeControl "900+5"]

1. e4 e6 2. d4 d5 3. Nd2 c5 4. exd5 Qxd5 5. Ngf3 cxd4 6. Bc4 Qd7 7. O-O Nc6 8. Nb3 a6 9. Nbxd4 Nxd4 10. Nxd4 Qc7 11. Bd3 Bd6 12. Qh5 Nf6 13. Qh4 Bd7 14. Rb1 O-O-O 15. b4 h6 16. b5 g5 17. Qh3 a5 18. b6 Qc5 19. Be3 Nd5 20. Nb3 Qa3 21. Bd2 Nf4 22. Qf3 g4 23. Qe4 Bc6 24. Qc4 Nxd3 25. cxd3 Kb8 26. Nxa5 Bd5 27. Qb5 Qc5 28. Qa4 Qa3 29. Qb5 Qc5 30. Qb2 Qa3 31. Qf6 Rhg8 32. Bf4 Qxd3 33. Bxd6+ Rxd6 34. Qxf7 Rdd8 35. Qc7+ Ka8 36. Rb4 Rc8 37. Qe5 Bf3 38. Ra4 Qxf1+ 39. Kxf1 Rc1+ 40. Qe1 Rxe1+ 41. Kxe1 Kb8 42. gxf3 gxf3 43. Rf4 Kc8 44. Rxf3 Rg5 45. Nc4 Rc5 46. Nd6+ Kd7 47. Nxb7 Rc2 48. Rb3 1-0

[Event "European Online Club-ch-G 2021"]
[Site "Online"]
[Date "2021.03.27"]
[Round "3.20"]
[White "Hasanzade, Toghrul"]
[Black "Ongut, Tamas Gunes"]
[Result "1/2-1/2"]
[ECO "A65"]
[WhiteElo "2322"]
[BlackElo "2314"]
[Annotator "NA"]
[PlyCount "145"]
[EventDate "2021.03.27"]
[EventType "team-tourn"]
[EventCountry "NET"]
[SourceTitle "playchess.com"]
[Source "ChessBase"]
[SourceQuality "1"]
[TimeControl "900+5"]

1. d4 Nf6 2. c4 g6 3. Nc3 Bg7 4. e4 O-O 5. f3 c5 6. d5 e6 7. Be3 d6 8. Qd2 exd5 9. cxd5 a6 10. g4 h5 11. h3 b5 12. Nge2 Nbd7 13. Nf4 Ne5 14. Be2 h4 15. Ng2 Nh7 16. f4 Nc4 17. Bxc4 bxc4 18. Bf2 Re8 19. O-O-O Qa5 20. Nxh4 Rb8 21. e5 dxe5 22. Rhe1 e4 23. f5 g5 24. Bg3 Bd7 25. Bxb8 Rxb8 26. f6 Bxf6 27. Nf5 Ba4 28. Rxe4 Bxd1 29. Kxd1 Rd8 30. d6 Nf8 31. Rxc4 Ne6 32. Ne4 Qxd2+ 33. Kxd2 Bxb2 34. Nxc5 Ba3 35. Ne4 a5 36. Kc2 Bb4 37. Kc1 Nf4 38. Nxg5 Bxd6 39. Nxd6 Nd3+ 40. Kc2 Rxd6 41. Ne4 Rd8 42. g5 Nb4+ 43. Kb3 Rd3+ 44. Rc3 Rd4 45. Nf6+ Kg7 46. a3 a4+ 47. Kb2 Nd3+ 48. Kc2 Nf4 49. Rf3 Ne6 50. Rg3 Nxg5 51. Kc3 Rh4 52. Rxg5+ Kxf6 53. Rg3 Ke5 54. Re3+ Kf4 55. Rd3 f5 56. Kb4 Ke4 57. Rd8 Rxh3 58. Kxa4 f4 59. Kb4 f3 60. Re8+ Kd3 61. a4 Rh4+ 62. Kb5 Rf4 63. Re1 f2 64. Rf1 Ke2 65. Ra1 f1=Q 66. Rxf1 Kxf1 67. a5 Ke2 68. a6 Kd3 69. a7 Rf8 70. Kb6 Kc4 71. Kb7 Rf7+ 72. Kb8 Rxa7 73. Kxa7 1/2-1/2

[Event "European Online Club-ch-G 2021"]
[Site "Online"]
[Date "2021.03.27"]
[Round "4.1"]
[White "Altun, Arda"]
[Black "Sevdimaliyev, Urfan"]
[Result "0-1"]
[ECO "B51"]
[WhiteElo "2074"]
[BlackElo "2369"]
[Annotator "NA"]
[PlyCount "78"]
[EventDate "2021.03.27"]
[EventType "team-tourn"]
[EventCountry "NET"]
[SourceTitle "playchess.com"]
[Source "ChessBase"]
[SourceQuality "1"]
[TimeControl "900+5"]

1. e4 c5 2. Nf3 Nc6 3. Bb5 d6 4. O-O Bd7 5. Re1 Nf6 6. c3 a6 7. Bf1 Bg4 8. h3 Bxf3 9. Qxf3 e6 10. d3 Be7 11. Be3 O-O 12. Nd2 Rc8 13. Qg3 b5 14. f4 Nd7 15. Qf3 Nb6 16. g4 d5 17. e5 d4 18. Bf2 Nd5 19. c4 Ne3 20. Bxe3 dxe3 21. Qxe3 Nd4 22. Rec1 f6 23. exf6 Bxf6 24. Bg2 e5 25. Bd5+ Kh8 26. Nf3 exf4 27. Qf2 Nxf3+ 28. Qxf3 Bxb2 29. Rab1 Bxc1 30. Rxc1 b4 31. Re1 a5 32. Re5 a4 33. g5 b3 34. axb3 axb3 35. Qh5 b2 36. Re1 f3 37. Bxf3 Qd4+ 38. Kg2 Rb8 39. Rb1 Qxd3 0-1

[Event "European Online Club-ch-G 2021"]
[Site "Online"]
[Date "2021.03.27"]
[Round "4.2"]
[White "Babayev, Talib"]
[Black "Danaci, Ege"]
[Result "1-0"]
[ECO "B12"]
[WhiteElo "2282"]
[BlackElo "1996"]
[Annotator "NA"]
[PlyCount "67"]
[EventDate "2021.03.27"]
[EventType "team-tourn"]
[EventCountry "NET"]
[SourceTitle "playchess.com"]
[Source "ChessBase"]
[SourceQuality "1"]
[TimeControl "900+5"]

1. e4 c6 2. d4 d5 3. e5 Bf5 4. Nc3 e6 5. g4 Bg6 6. Nge2 h6 7. Be3 Nd7 8. f4 h5 9. f5 exf5 10. g5 Qb6 11. Qd2 Bb4 12. Nf4 Ne7 13. O-O-O Nf8 14. h4 Ne6 15. a3 Bxc3 16. Qxc3 Kd7 17. Be2 Qc7 18. Bf3 a5 19. Kd2 a4 20. Ke2 f6 21. gxf6 gxf6 22. Nxe6 Kxe6 23. Bf4 Qd7 24. Rhg1 Kf7 25. exf6 Qe6+ 26. Be5 Ng8 27. Rxg6 Kxg6 28. Rg1+ Kf7 29. Rg7+ Ke8 30. f7+ Kf8 31. fxg8=Q+ Rxg8 32. Qc5+ Ke8 33. Bxh5+ Kd8 34. Qb6+ 1-0